 Dungeon Crawl Stone Soup version 0.31-a0-692-gf03d1854d5 (webtiles) character file.

Game seed: 4485011188111283323

348 qw the Shooter (level 6, -2/38 HPs)
             Began as a Gargoyle Hunter on Sept 6, 2023.
             Slain by Dowan
             ... wielding a +0 dagger
              (5 damage)
             ... on level 4 of the Dungeon.
             The game lasted 00:00:55 (2388 turns).

qw the Shooter (Gargoyle Hunter)                    Turns: 2388, Time: 00:00:56

Health: -2/38      AC: 15    Str: 14    XL:     6   Next: 60%
Magic:  0/6        EV: 10    Int: 10    God:
Gold:   162        SH:  0    Dex: 15    Spells: 5/5 levels left

rFire   . . .        Y - +1 shortbow
rCold   . . .        (shield currently unavailable)
rNeg    + . .        n - +0 ring mail {Will+}
rPois   inf          f - +0 helmet
rElec   +            (no cloak)
rCorr   .            g - +0 pair of gloves
SInv    +            (no boots)
Will    +....        i - amulet of guardian spirit
Stlth   +            e - ring of see invisible
HPRegen 0.26/turn    k - +4 ring of protection
MPRegen 0.10/turn

%: guardian spirit
@: no status effects
A: sickness immunity, AC +4, negative energy resistance 1, electricity
resistance, torment resistance 1, petrification resistance
a: no special abilities


You were on level 4 of the Dungeon.
You visited 1 branch of the dungeon, and saw 4 of its levels.

You collected 162 gold pieces.


Innate Abilities, Weirdness & Mutations

You are immune to sickness and miasma.
Your stone body is resilient. (AC +4)
You are immune to poison.
You resist negative energy. (rN+)
You are resistant to electric shocks. (rElec)
You are resistant to unholy torment.
You are immune to petrification.


   Skills:
 - Level 4.2 Fighting
 + Level 6.8 Ranged Weapons
 - Level 1.1 Armour
 - Level 1.5 Dodging
 - Level 1.1 Stealth


You had 5 spell levels left.
You didn't know any spells.
Your spell library was empty.

Inventory:

Hand Weapons
 Y - a +1 shortbow (weapon)
Armour
 f - a +0 helmet (worn)
 g - a +0 pair of gloves (worn)
 n - a +0 ring mail of willpower (worn)
Jewellery
 e - a ring of see invisible (left hand)
 i - an amulet of guardian spirit (around neck)
 k - a +4 ring of protection (right hand)
Scrolls
 o - a scroll of identify
Potions
 b - a potion of haste
 h - a potion of curing
 j - a potion of cancellation {unknown}

Dungeon Overview and Level Annotations

Branches:
Dungeon (4/15)
 Temple: D:4-7

Altars:

Annotations:
D:4 Dowan


Message History

Duvessa hits you with a +0 rapier.
You shoot an arrow.
The arrow hits Duvessa but does no damage.
Duvessa is almost dead.
Duvessa hits you with a +0 rapier. Duvessa closely misses you.
You shoot an arrow. The arrow hits Duvessa.
Duvessa is almost dead.
Duvessa hits you with a +0 rapier. Duvessa barely misses you.
You shoot an arrow. The arrow barely misses Duvessa.
The arrow hits the dart slug!
You kill the dart slug!
Duvessa hits you but does no damage. Duvessa barely misses you.
You shoot an arrow.
The arrow hits Duvessa but does no damage.
Duvessa is almost dead.
Duvessa hits you but does no damage. Duvessa hits you with a +0 rapier!
You shoot an arrow.
The arrow hits Duvessa but does no damage.
Duvessa is almost dead.
Dowan casts a spell.
Dowan blinks!
Duvessa hits you with a +0 rapier.
You shoot an arrow. The arrow completely misses Duvessa.
Duvessa hits you with a +0 rapier! Duvessa hits you with a +0 rapier.
You shoot an arrow.
The arrow hits Duvessa but does no damage.
Duvessa is almost dead.
Duvessa hits you with a +0 rapier. x2
You shoot an arrow. The arrow barely misses Duvessa.
Duvessa hits you but does no damage. x2
You shoot an arrow. The arrow hits Duvessa.
You kill Duvessa!
Dowan seems overcome with grief.
Dowan seems to find hidden reserves of power!
Dowan casts a spell at you. The stone arrow misses you.
Your Fighting skill increases to level 4!
You shoot an arrow. The arrow hits Dowan!
Dowan is moderately wounded.
Dowan hits you with a +0 dagger.
You die...

#...#####...
#....#.....#
##...<.....#
##..#.......# .
##...#...##..# ...
##..#)#...# ...
w....##..##.#...# .
#..e@###.....#..
#...e##@e%.........
#....#
###..........
.....# #..........
....# #....####..
...# ....## .. ...
.#.... .# .##.....
#..####


You could see Dowan (fast).

Vanquished Creatures
  Sigmund (D:4)
  Duvessa (D:4)
  3 adders (D:3)
  2 worms (D:3)
  3 dart slugs
  5 orcs (D:3)
  7 ball pythons
  3 bats (D:1)
  6 endoplasms
  6 goblins
  3 hobgoblins
  2 quokkas
  A frilled lizard (D:1)
  A goblin zombie (D:4)
  7 kobolds
  4 rats
  A spectral hobgoblin (D:3)
56 creatures vanquished.

Notes
Turn   | Place    | Note
-------+----------+-------------------------------------------
     0 | D:1      | qw the Gargoyle Hunter began the quest for the Orb.
     0 | D:1      | Reached XP level 1. HP: 12/12 MP: 1/1
     0 | D:1      | 0 ||| qw: Version: 0.3-a-76-g4403597
     0 | D:1      | 0 ||| qw: Game counter: 121
     0 | D:1      | 0 ||| qw: Melee chars always use a shield: true
     0 | D:1      | 0 ||| qw: God list: Okawaru
     0 | D:1      | 0 ||| qw: Allow faded altars: false
     0 | D:1      | 0 ||| qw: Do Orc after clearing Dungeon:15 true
     0 | D:1      | 0 ||| qw: Do second Lair branch before Depths: true
     0 | D:1      | 0 ||| qw: Lair rune preference: random
     0 | D:1      | 0 ||| qw: Goals: Normal
     0 | D:1      | 0 ||| PLANNING D:1-11
   114 | D:1      | Reached XP level 2. HP: 17/17 MP: 2/2
   765 | D:1      | 765 ||| UPGRADING to +0 pair of gloves.
   770 | D:1      | 770 ||| UPGRADING to amulet of guardian spirit.
   775 | D:1      | 775 ||| UPGRADING to ring of see invisible.
   776 | D:1      | 776 ||| READING scroll labelled RYS SAUKHLIKK.
   777 | D:1      | 777 ||| DRINKING 2 inky potions.
   778 | D:1      | 778 ||| DROPPING scroll of butterflies.
   791 | D:2      | Reached XP level 3. HP: 19/21 MP: 3/3
   949 | D:2      | Reached skill level 5 in Ranged Weapons
  1451 | D:2      | 1451 ||| UPGRADING to +0 ring mail.
  1461 | D:2      | 1461 ||| DROPPING +0 leather armour.
  1462 | D:2      | 1462 ||| UPGRADING to +0 ring mail of willpower.
  1472 | D:2      | 1472 ||| DROPPING +0 ring mail.
  1473 | D:2      | 1473 ||| UPGRADING to +4 ring of protection.
  1474 | D:2      | 1474 ||| READING scroll labelled EMUESO UBEUCA.
  1475 | D:2      | 1475 ||| READING scroll labelled MOUMODUGRIP.
  1479 | D:2      | 1479 ||| READING scroll labelled KOXEXI ZIMUA.
  1480 | D:2      | 1480 ||| READING 4 scrolls labelled FYREOX ANEAB.
  1481 | D:2      | 1481 ||| DRINKING 2 fizzy purple potions.
  1482 | D:2      | 1482 ||| READING 3 scrolls of identify.
  1482 | D:2      | 1482 ||| IDENTIFYING bubbling golden potion
  1483 | D:2      | 1483 ||| READING 2 scrolls of identify.
  1483 | D:2      | 1483 ||| IDENTIFYING murky grey potion
  1484 | D:2      | 1484 ||| DROPPING potion of berserk rage.
  1485 | D:2      | 1485 ||| DROPPING potion of magic.
  1486 | D:2      | 1486 ||| DROPPING potion of invisibility.
  1629 | D:3      | Reached skill level 1 in Armour
  1722 | D:3      | Reached XP level 4. HP: 20/27 MP: 1/4
  1785 | D:3      | Reached skill level 3 in Fighting
  1844 | D:3      | Found Ikkofar's Magic Scroll Shop.
  1895 | D:3      | Found a faded altar of an unknown god.
  1899 | D:3      | 1899 ||| Stepping ~*~*~tactically~*~*~ (water).
  2275 | D:3      | 2275 ||| UPGRADING to +0 helmet.
  2280 | D:3      | 2280 ||| READING scroll labelled BIAQEN COYS.
  2281 | D:3      | 2281 ||| READING scroll labelled BOCZUUCISU.
  2282 | D:3      | 2282 ||| DRINKING 2 viscous blue potions.
  2283 | D:3      | 2283 ||| DRINKING 2 red potions.
  2314 | D:4      | 2314 ||| PLANNING OSSUARY
  2341 | D:4      | Noticed Dowan
  2342 | D:4      | Noticed Duvessa
  2343 | D:4      | 2343 ||| Stepping ~*~*~tactically~*~*~ (retreating).
  2343 | D:4      | Noticed Sigmund
  2344 | D:4      | 2344 ||| Stepping ~*~*~tactically~*~*~ (retreating).
  2345 | D:4      | 2345 ||| Stepping ~*~*~tactically~*~*~ (retreating).
  2346 | D:4      | 2346 ||| RETREATING.
  2349 | D:4      | 2349 ||| Stepping ~*~*~tactically~*~*~ (retreating).
  2352 | D:4      | 2352 ||| Stepping ~*~*~tactically~*~*~ (retreating).
  2353 | D:4      | 2353 ||| Stepping ~*~*~tactically~*~*~ (retreating).
  2360 | D:4      | Killed Sigmund
  2361 | D:4      | Reached skill level 6 in Ranged Weapons
  2361 | D:4      | Reached XP level 5. HP: 14/32 MP: 5/5
  2361 | D:4      | Reached XP level 6. HP: 16/37 MP: 6/6
  2370 | D:4      | 2370 ||| Stepping ~*~*~tactically~*~*~ (retreating).
  2371 | D:4      | 2371 ||| Stepping ~*~*~tactically~*~*~ (retreating).
  2372 | D:4      | 2372 ||| Stepping ~*~*~tactically~*~*~ (retreating).
  2375 | D:4      | HP: 7/37 [Duvessa/+0 rapier (4)]
  2376 | D:4      | 2376 ||| DRINKING potion of heal wounds.
  2384 | D:4      | HP: 8/37 [Duvessa/+0 rapier (5)]
  2385 | D:4      | HP: 3/37 [Duvessa/+0 rapier (5)]
  2387 | D:4      | Killed Duvessa
  2388 | D:4      | Slain by Dowan

Levels and vault maps discovered:
D:1:      arrival_zaba_pyramid, layout_basic
D:2:      layout_loops_ring, serial_glass, glass_columns_b, glass_columns_a
D:3:      layout_basic, dreamdust_ecumenical_altar_drowned_temple, serial_shops,
          nicolae_shop_tiny_waterfront, dk_vineyard_1, minivault_24
D:4:      layout_layer_cave, mainiacjoe_overflow_concentric_impassable,
          nicolae_ossuary_entry_giza, minmay_misc_feat_cross, uniq_duvessa,
          uniq_ijyb, uniq_natasha, uniq_sigmund, uniq_robin

Skill      XL: |  1  2  3  4  5  6 |
---------------+-------------------+-----
Ranged Weapons | 5 6 |  6.8
Armour         | 1 |  1.1
Fighting       | 3 4 |  4.2
Dodging        | |  1.5
Stealth        | |  1.1

Action                     |  1- 3 |  4- 6 || total
---------------------------+-------+-------++-------
   Fire: Shortbow          |   113 |    81 ||   194
    Use: Scroll            |     7 |     2 ||     9
         Potion            |     2 |     3 ||     5
 Armour: Leather armour    |    12 |       ||    12
         Ring mail         |    12 |    42 ||    54
  Dodge: Dodged            |    21 |    24 ||    45

Table legend:
 A = Non-vault XP
 B = Vault XP
 C = Vault XP percentage of total XP
 D = Non-vault monster count
 E = Vault monster count
 F = Vault count percentage of total count
                 A         B        C        D         E       F
            +---------+---------+-------+---------+---------+-------
      Total |     140 |     358 |  71.9 |      52 |       4 |   7.1
            +---------+---------+-------+---------+---------+-------
        D:1 |      33 |       0 |   0.0 |      20 |       0 |   0.0
        D:2 |      16 |       0 |   0.0 |       9 |       0 |   0.0
        D:3 |      85 |       1 |   1.2 |      21 |       1 |   4.5
        D:4 |       6 |     357 |  98.3 |       2 |       3 |  60.0
            +---------+---------+-------+---------+---------+-------
